 Dungeon Crawl Stone Soup version 0.25.0-11-g1f837a7 (webtiles) character file.

Game seed: 6489826067020368858

1722 0gre the Cleaver (level 8, -1/71 HPs)
             Began as a Minotaur Berserker on June 24, 2020.
             Was an Elder of Trog.
             Slain by a hippogriff (5 damage)
             ... on level 7 of the Dungeon.
             The game lasted 00:35:40 (6219 turns).

0gre the Cleaver (Minotaur Berserker)               Turns: 6219, Time: 00:35:40

Health: -1/71      AC: 14    Str: 25    XL:     8   Next: 75%
Magic:  7/7        EV:  9    Int:  4    God:    Trog [****..]
Gold:   301        SH:  0    Dex:  9    Spells: 7/7 levels left

rFire    . . .     SeeInvis .   a - +0 war axe
rCold    . . .     Gourm    .   (no shield)
rNeg     . . .     Faith    .   m - +0 chain mail
rPois    .         Spirit   .   (helmet restricted)
rElec    .         Reflect  .   (no cloak)
rCorr    +         Harm     .   (no gloves)
MR       .....                  (no boots)
Stlth    ..........             (no amulet)
HPRegen  0.21/turn              i - +4 ring of protection
MPRegen  0.10/turn              o - ring of resist corrosion

@: lethally poisoned (-1 -> -7), about to teleport, berserk cooldown, slowed,
very slow
A: retaliatory headbutt, horns 2
a: Berserk, Trog's Hand, Brothers in Arms, Renounce Religion


You were on level 7 of the Dungeon.
You worshipped Trog.
Trog was greatly pleased with you.
You were not hungry.

You visited 1 branch of the dungeon, and saw 8 of its levels.

You collected 301 gold pieces.

Inventory:

Hand Weapons
 a - a +0 war axe (weapon)
 b - a +0 shortbow
 c - a cursed +7 morningstar
Missiles
 g - 104 arrows
 h - 153 stones
 p - 6 javelins (quivered)
 s - 2 boomerangs
Armour
 m - a +0 chain mail (worn)
Jewellery
 i - a +4 ring of protection (left hand)
 j - an uncursed ring of protection from cold {unknown}
 o - a ring of resist corrosion (right hand)
Wands
 x - a wand of enslavement (7)
Scrolls
 t - 2 scrolls of enchant weapon
 u - 2 scrolls of remove curse
 y - 2 scrolls of teleportation
Potions
 e - a potion of flight {unknown}
 f - 2 potions of brilliance
 k - a potion of curing
 l - a potion of invisibility {unknown}
 n - a potion of lignification {unknown}
 q - a potion of cancellation {unknown}
 r - a potion of magic {unknown}
 w - a potion of heal wounds {unknown}
 A - a potion of ambrosia {unknown}
 B - a potion of degeneration {unknown}
 C - a potion of might {unknown}
 E - a potion of haste {unknown}
Comestibles
 d - 3 rations


   Skills:
 + Level 6.7 Fighting
 + Level 8.1 Axes
 + Level 5.4 Bows
 + Level 3.5 Throwing
 + Level 5.6 Armour
 + Level 3.7 Dodging


You had 7 spell levels left.
You didn't know any spells.
Your spell library was empty.

Dungeon Overview and Level Annotations

Branches:
Dungeon (8/15)             Temple (0/1) D:5
   Lair: D:8-11

Altars:
Fedhas
Gozag
Nemelex Xobeh
Okawaru
Qazlal
Sif Muna
Trog
Uskayaw
Wu Jian
Xom


Innate Abilities, Weirdness & Mutations

You reflexively headbutt those who attack you in melee.
You have a pair of horns on your head.


Message History

Something hits you but does no damage.
You are more poisoned.
You feel better. The hippogriff bites you.
* * * LOW HITPOINT WARNING * * *
The hippogriff pecks you but does no damage.
The hippogriff claws you.
* * * LOW HITPOINT WARNING * * *
You hear some strange, mumbled words.
A magic dart appears from out of thin air!
The magic dart hits you.
* * * LOW HITPOINT WARNING * * *
As you read the scroll of teleportation, it crumbles to dust.
You feel strangely unstable. The hippogriff barely misses you.
You furiously retaliate!
You headbutt the hippogriff!
The hippogriff pecks you but does no damage.
The hippogriff barely misses you. Something hits you but does no damage.
You are lethally poisoned!
The hippogriff bites you but does no damage.
The hippogriff pecks you.
You die...

....... .. #
......# ... #.
#$.... ##... ..
#...##...
#.#....... .
........## ..
#...).# ...
##H)..#### ....
#@{)†###.#.....
##...#..(......
#..............
#..#.#.........
####..##..........
.......>..........
..%..........#....
...........###...#
....g......# ...


You could see a hippogriff.

Vanquished Creatures
  Menkaure (D:6)
  The ghost of tizbic2 the Twirler, an amateur MiGl of Hepliaklqana (D:3)
  3 centaurs
  2 big kobolds (D:4)
  5 wights (D:6)
  2 howler monkeys (D:4)
  A crimson imp (D:5)
  2 quasits (D:5)
  4 hounds
  An orc priest (D:3)
  6 orc wizards
  A gnoll shaman (D:7)
  2 iguanas
  A bullfrog skeleton (D:5)
  2 worker ants
  A hound skeleton (D:5)
  9 gnolls
  5 adders
  A shadow imp (D:5)
  4 oozes
  2 adder skeletons (D:4)
  A worm (D:5)
  A dart slug (D:3)
  4 leopard geckos
  20 orcs
  2 giant cockroaches
  12 goblins
  10 hobgoblins
  14 jackals
  A ball python (D:3)
  9 bats
  5 frilled lizards
  2 jackal skeletons
  14 kobolds
  2 leopard gecko skeletons
  A leopard gecko zombie (D:5)
  4 rats
  2 butterflies (D:2)
160 creatures vanquished.

Notes
Turn   | Place    | Note
-------+----------+-------------------------------------------
     0 | D:1      | 0gre the Minotaur Berserker began the quest for the Orb.
     0 | D:1      | Reached XP level 1. HP: 19/19 MP: 0/0
   107 | D:1      | Reached XP level 2. HP: 14/27 MP: 1/1
   130 | D:1      | Reached skill level 4 in Axes
   938 | D:2      | Reached XP level 3. HP: 33/33 MP: 2/2
   996 | D:2      | Reached ** piety under Trog
  1047 | D:2      | Found a stormy altar of Qazlal.
  1392 | D:2      | Found a shimmering altar of Xom.
  1570 | D:2      | Found a sparkling altar of Nemelex Xobeh.
  1676 | D:3      | Reached XP level 4. HP: 40/41 MP: 3/3
  1680 | D:3      | Reached skill level 1 in Throwing
  1683 | D:3      | Reached skill level 5 in Axes
  1693 | D:3      | Reached XP level 5. HP: 37/47 MP: 4/4
  2265 | D:3      | Reached *** piety under Trog
  2268 | D:3      | Reached XP level 6. HP: 48/55 MP: 5/5
  2507 | D:3      | Found a runed translucent door.
  2508 | D:3      | Noticed tizbic2's ghost (amateur MiGl)
  2516 | D:3      | Killed tizbic2's ghost
  2516 | D:3      | Reached skill level 6 in Axes
  2671 | D:4      | Found a blossoming altar of Fedhas.
  2702 | D:4      | Reached skill level 5 in Fighting
  2720 | D:4      | Reached XP level 7. HP: 20/61 MP: 6/6
  2836 | D:4      | Reached skill level 7 in Axes
  3064 | D:4      | Found an iron altar of Okawaru.
  3229 | D:4      | Found an opulent altar of Gozag.
  3757 | D:4      | Found a bloodstained altar of Trog.
  3845 | D:5      | Entered Level 5 of the Dungeon
  3845 | D:5      | Found a hide-covered altar of Uskayaw.
  3870 | D:5      | Reached **** piety under Trog
  4061 | D:5      | Reached skill level 1 in Bows
  4150 | D:5      | Found an ornate altar of the Wu Jian Council.
  4267 | D:5      | Found a staircase to the Ecumenical Temple.
  4621 | D:5      | Reached XP level 8. HP: 70/70 MP: 7/7
  4938 | D:5      | Reached skill level 5 in Armour
  5171 | D:5      | Found a shimmering blue altar of Sif Muna.
  5517 | D:6      | Noticed Menkaure
  5528 | D:6      | Killed Menkaure
  5938 | D:6      | Reached skill level 8 in Axes
  5941 | D:6      | Reached skill level 5 in Bows
  6132 | D:6      | Found a sparkling altar of Nemelex Xobeh.
  6133 | D:6      | You fall into a shaft and drop 2 floors!
  6203 | D:7      | Noticed a hippogriff
  6219 | D:7      | Slain by a hippogriff

Illustrated notes

Levels and vault maps discovered:
D:1:      grunt_arrival_crossed_arrows, layout_rooms
D:2:      layout_loops_cross, xom_butterflies, nicolae_qazlal_eye_of_the_storm,
          nemelex_dance_club_becter
D:3:      layout_basic, gammafunk_ghost_grave, serial_rivers,
          chequers_serial_rivers_small_a, chequers_serial_rivers_micro_c,
          chequers_serial_rivers_micro_a, chequers_serial_rivers_marsh,
          chequers_serial_rivers_small_a, chequers_serial_rivers_micro_e,
          hangedman_decor_points
D:4:      cheibrodos_thug_alley, layout_loops_corners, grunt_gozag_breadcrumbs,
          fedhas_bush_and_centaur_altar, old_standard_altar, serial_bayou,
          serial_bayou_shore_b, serial_bayou_crossing, serial_bayou_pond_d,
          serial_bayou_pond_c, palyth_stone_intersect, trog_book
D:5:      layout_basic, tgw_sif, marbit_many_paths,
          eat_drink_and_be_merry_uskayaw, minmay_temple_entry_grid,
          first_ration, kennysheep_boxes
D:6:      layout_basic, nicolae_overflow_crystal_walls, basic_altar,
          uniq_menkaure
D:7:      layout_cave_pools, makhleb_heckhound_becter, uniq_crazy_yiuf_cottage,
          uniq_prince_ribbit1
D:8:      layout_basic, nicolae_overflow_hidden_temple, lemuel_round_altar,
          uniq_harold, uniq_pikel, uniq_maggie

Skill      XL: |  1  2  3  4  5  6  7  8 |
---------------+-------------------------+-----
Axes           | 4 5 6 7 8 |  8.1
Fighting       | 4 5 6 |  6.7
Throwing       | 1 2 3 |  3.5
Armour         | 3 4 5 |  5.6
Dodging        | 3 |  3.7
Bows           | 2 5 |  5.4

Action                   |  1- 3 |  4- 6 |  7- 9 || total
-------------------------+-------+-------+-------++-------
Melee: Hand axe          |    82 |    96 |   147 ||   325
       Headbutt          |     8 |    17 |    32 ||    57
       War axe           |       |       |    20 ||    20
       Halberd           |       |       |     3 ||     3
 Fire: Shortbow          |       |       |   105 ||   105
Throw: Stone             |    16 |       |       ||    16
       Javelin           |    14 |    20 |     4 ||    38
Invok: Berserk           |       |     2 |     1 ||     3
  Use: Scroll            |       |       |    10 ||    10
       Potion            |       |       |     3 ||     3
  Eat: Chunk             |     2 |     3 |     7 ||    12
       Ration            |       |     1 |     1 ||     2
Armor: Animal skin       |     5 |       |       ||     5
       Chain mail        |    42 |    46 |   153 ||   241
       Leather armour    |     1 |       |       ||     1
Dodge: Dodged            |    35 |    41 |   121 ||   197
